Map: Prion Terraces

Players

xKawaiian - Winner!

  • Race: Terran Terran
  • League: Master

Casa

  • Race: Protoss Protoss
  • League: Master

VOD

Have the link to the VOD?

Description

Time

  • Played on: Jan. 8, 2016, 12:21 p.m.
  • Length: 11:36
Show
View Real Time Build Order
Export as new Build Order

xKawaiian Terran - Winner!

Build Orders: Liberator Opening, Reaper Expand, MMM Bio 

Get SALT Encoding   

  12  0:00  SCV  
  13  0:12  SCV  
  14  0:17  Supply Depot  
  14  0:25  SCV  
  15  0:39  SCV  
  15  0:40  Barracks  
  16  0:45  Refinery  
  16  0:51  SCV  
  17  1:03  SCV  
  18  1:15  SCV  
  19  1:29  Reaper  
  19  1:30  Orbital Command  
  20  1:40  Command Center  
  20  1:55  SCV  
  20  1:57  Bunker  
  21  2:01  Marine  
  21  2:04  Supply Depot  
  21  2:07  SCV  
  23  2:25  SCV, Marine  
  23  2:26  Factory  
  25  2:34  Refinery  
  25  2:37  SCV  
  26  2:45  Marine  
  26  2:49  SCV  
  28  2:53  Orbital Command  
  28  3:01  SCV  
  28  3:03  Marine  
  29  3:10  Factory Tech Lab  
  29  3:13  Starport  
  29  3:14  SCV  
  30  3:21  SCV  
  30  3:25  Command Center  
  34  3:34  Cyclone, Marine  
  34  3:36  SCV  
  34  3:37  SCV  
  37  3:45  Liberator  
  37  3:48  Supply Depot  
  37  3:49  SCV  
  37  3:50  SCV  
  39  4:00  Marine  
  38  4:18  Marine  
  38  4:19  SCV  
  40  4:26  Barracks  
  41  4:31  SCV  
  41  4:34  SCV  
  41  4:35  Barracks  
  41  4:36  Marine  
  43  4:43  SCV  
  45  4:45  Starport Reactor  
  45  4:46  Orbital Command  
  45  4:48  SCV  
  45  4:54  Barracks Tech Lab  
  45  4:57  SCV  
  45  4:59  Factory Reactor  
  46  5:00  Supply Depot  
  46  5:02  Supply Depot  
  46  5:07  SCV  
  47  5:09  SCV  
  48  5:15  SCV, Stimpack  
  48  5:19  SCV  
  50  5:22  Barracks Reactor, Medivac  
  50  5:26  Refinery x2  
  50  5:27  Marine  
  53  5:29  Engineering Bay  
  53  5:31  Engineering Bay  
  53  5:32  Marauder  
  55  5:40  Medivac  
  55  5:41  SCV x2  
  59  5:44  SCV  
  59  5:45  Marine  
  59  5:49  Supply Depot  
  61  5:51  Supply Depot  
  61  5:53  Marauder  
  61  5:54  Hellion  
  61  5:56  SCV  
  66  5:59  Marine x2  
  66  6:02  Marine  
  66  6:03  Combat Shields  
  66  6:05  Orbital Command  
  66  6:11  Terran Infantry Weapons Level 1  
  66  6:13  SCV  
  66  6:14  Marine  
  66  6:16  Marine  
  66  6:17  Marine  
  70  6:20  Marine  
  70  6:22  Terran Infantry Armor Level 1  
  70  6:25  SCV, Barracks x2  
  72  6:27  SCV  
  72  6:32  Marine  
  74  6:33  SCV  
  74  6:34  Marine  
  74  6:35  Marine  
  74  6:37  SCV  
  74  6:38  Marine  
  74  6:39  SCV  
  80  6:45  SCV  
  81  6:49  SCV, Marine  
  81  6:50  Widow Mine x2  
  81  6:51  SCV  
  81  6:52  Marine  
  81  6:53  Marine  
  90  6:56  Marauder  
  90  6:58  SCV  
  93  7:04  Armory  
  93  7:08  Marauder  
  95  7:10  Marine x2  
  95  7:13  Marine  
  95  7:14  Marine, Medivac x2  
  100  7:24  Supply Depot, Concussive Shells  
  100  7:26  Supply Depot  
  100  7:28  Marauder, Liberator x2  
  101  7:35  Supply Depot, Marine  
  101  7:36  Supply Depot  
  101  7:41  Barracks Tech Lab  
  101  7:45  Widow Mine  
  101  7:46  Barracks Tech Lab  
  101  7:47  SCV, Widow Mine  
  101  7:48  SCV, Marauder  
  101  7:50  Marauder  
  114  7:52  Marine  
  104  8:09  Marauder  
  104  8:12  Marauder, Marine  
  100  8:16  Marauder, Marine  
  100  8:18  Marine  
  90  8:28  Medivac  
  90  8:29  Orbital Command  
  90  8:33  Marine  
  90  8:34  Marauder  
  92  8:36  SCV x2  
  94  8:42  Marauder x2, Marine x2  
  100  8:48  SCV x2  
  100  8:51  Marine  
  100  8:55  Marauder  
  105  9:00  SCV x2, Marauder, Marine  
  108  9:03  Marine  
  108  9:04  Marauder  
  108  9:09  Marine  
  91  9:12  SCV  
  91  9:16  Marauder  
  86  9:17  Marine  
  86  9:21  Medivac  
  86  9:22  Marauder x2  
  84  9:24  Marine  
  84  9:27  SCV x3, Marine  
  89  9:35  Marine, Widow Mine x2  
  89  9:38  Marauder  
  96  9:39  SCV x2  
  96  9:42  Marine  
  96  9:43  Marauder x2  
  96  9:44  Marine  
  103  9:53  Marine  
  103  9:56  Liberator  
  103  9:57  Command Center  
  103  9:58  SCV  
  103  9:59  Marauder  
  97  10:01  Marauder  
  97  10:02  Marine  
  97  10:04  Marauder, Marine  
  103  10:11  Marine  
  105  10:16  SCV  
  105  10:17  Refinery x2  
  105  10:20  Marine  
  105  10:21  Marauder  
  105  10:22  Marauder, Marine  
  105  10:25  Marine  
  109  10:28  Supply Depot, SCV  
  109  10:29  Marine  
  109  10:34  Medivac  
  113  10:38  Marine  
  113  10:40  Marauder  
  113  10:41  Marine  
  117  10:43  Marine x2  
  117  10:46  Marine  
  117  10:47  Widow Mine  
  117  10:49  Widow Mine  
  124  10:56  Marine  
  124  11:00  Marauder  
  124  11:01  Marauder, Marine x2  
  130  11:05  Marine  
  130  11:09  SCV  
  130  11:11  Supply Depot  
  132  11:14  Marine  
Show
View Real Time Build Order
Export as new Build Order

Casa Protoss 

Build Orders: 1 Gate Expand, Blink Stalkers 

Get SALT Encoding   

  12  0:01  Probe (Chrono Boost)  
  13  0:12  Probe (Chrono Boost)  
  14  0:17  Pylon  
  14  0:22  Probe (Chrono Boost)  
  16  0:35  Probe (Chrono Boost)  
  16  0:36  Gateway  
  16  0:46  Probe (Chrono Boost)  
  17  0:52  Assimilator  
  17  1:14  Nexus  
  17  1:24  Cybernetics Core  
  17  1:28  Probe (Chrono Boost)  
  18  1:37  Assimilator  
  18  1:39  Probe (Chrono Boost)  
  19  1:47  Pylon  
  19  1:50  Probe (Chrono Boost)  
  20  2:02  Mothership Core (Chrono Boost)  
  22  2:10  Adept (Chrono Boost)  
  24  2:17  Warp Gate  
  24  2:20  Probe (Chrono Boost)  
  25  2:27  Probe (Chrono Boost)  
  26  2:31  Probe (Chrono Boost)  
  26  2:36  Probe  
  29  2:37  Adept (Chrono Boost)  
  29  2:43  Probe  
  31  2:47  Probe  
  32  2:55  Probe  
  32  2:57  Probe  
  32  3:00  Twilight Council  
  33  3:07  Probe  
  33  3:08  Probe (Chrono Boost)  
  35  3:17  Pylon  
  35  3:19  Probe (Chrono Boost)  
  36  3:20  Probe (Chrono Boost)  
  37  3:29  Assimilator  
  37  3:30  Probe (Chrono Boost)  
  37  3:31  Probe (Chrono Boost)  
  39  3:40  Probe (Chrono Boost)  
  40  3:41  Probe (Chrono Boost)  
  40  3:46  Blink (Chrono Boost)  
  41  3:51  Probe (Chrono Boost)  
  42  3:58  Pylon x2  
  42  4:00  Probe (Chrono Boost)  
  42  4:02  Robotics Facility  
  43  4:09  Probe (Chrono Boost)  
  43  4:13  Probe (Chrono Boost)  
  43  4:14  Stalker  
  42  4:20  Probe (Chrono Boost)  
  42  4:24  Gateway  
  43  4:27  Gateway  
  41  4:32  Mothership Core (Chrono Boost)  
  41  4:35  Gateway  
  43  4:41  Pylon  
  43  4:45  Probe (Chrono Boost)  
  44  4:47  Gateway  
  44  4:52  Pylon  
  44  4:53  Observer  
  44  4:56  Probe (Chrono Boost)  
  44  4:58  Probe (Chrono Boost)  
  47  5:01  Pylon  
  47  5:05  Stalker  
  49  5:08  Probe (Chrono Boost)  
  49  5:09  Assimilator  
  49  5:12  Pylon  
  50  5:15  Observer  
  50  5:28  Stalker  
  50  5:29  Stalker x2  
  49  5:45  Resonating Glaives (Chrono Boost)  
  49  5:49  Probe  
  44  5:50  Probe  
  44  5:52  Stalker x3  
  52  6:00  Probe  
  52  6:03  Probe  
  54  6:05  Warp Prism  
  56  6:15  Stalker x2  
  56  6:18  Stalker  
  62  6:23  Stalker  
  64  6:31  Probe  
  64  6:33  Pylon  
  64  6:52  Nexus  
  64  6:53  Stalker  
  66  6:55  Stalker, Pylon  
  66  7:18  Adept x2  
  66  7:19  Adept x2  
  66  7:22  Stalker  
  76  7:24  Pylon  
  76  7:26  Pylon  
  74  7:30  Immortal  
  77  7:42  Probe  
  77  7:43  Probe  
  79  7:50  Adept x4  
  87  7:58  Robotics Bay  
  87  8:02  Adept  
  89  8:11  Adept  
  89  8:12  Adept x2  
  89  8:13  Probe  
  89  8:19  Gateway  
  68  8:36  Adept x5  
  68  8:41  Gateway  
  78  8:42  Probe x2  
  78  8:43  Probe  
  78  8:45  Observer  
  82  8:58  Stalker x3  
  86  9:05  Adept x2  
  58  9:19  Disruptor (Chrono Boost)  
  61  9:28  Adept x5  
  71  9:37  Gateway  
  71  9:38  Gateway  
  71  9:42  Probe  
  71  9:44  Adept x2  
  76  9:51  Adept x2  
  81  9:53  Observer (Chrono Boost)  
  68  10:05  Probe x2  
  68  10:06  Probe  
  71  10:11  Observer (Chrono Boost)  
  72  10:15  Probe  
  72  10:18  Probe  
  72  10:19  Templar Archives  
  74  10:29  Probe x2  
  74  10:30  Probe, Disruptor (Chrono Boost)  
  74  10:32  Forge  
  80  10:39  Probe  
  80  10:41  Stalker x2  
  85  10:49  Adept x2  
  89  10:50  Adept  
  91  11:04  Adept x5  
  85  11:08  Pylon  
  85  11:09  Pylon  
  89  11:19  Adept x2  
  95  11:31  Zealot x4  
Tags
 
Add a new tag
Caveats
  • Supply blocks, unpowered buildings, or Contaminate may cause inaccurate times.
  • Supply counts are checked every 10 seconds.